Panthers vs Blues
Created - May 23, 2025 at 19:02
Goals
|
| Panthers |
2 |
1 |
1 |
4 |
| Blues |
2 |
3 |
0 |
5 |
|
Shots
|
| Panthers |
4 |
17 |
9 |
30 |
| Blues |
12 |
16 |
3 |
31 |
|
1st period
1. Blues , David Perron 11 (Vincent Trocheck 16) at 6:36
2. Blues , Seth Jones 15 (Nathan MacKinnon 71) at 7:42 (PP)
3. Panthers , Jordan Szwarz 14 (Rasmus Ristolainen 74) at 11:14
4. Panthers , Derick Brassard 19 (Miro Aaltonen 20) at 13:15
Penalties :
Danny DeKeiser (Flo) for Hooking (Minor) at 7:40, Alex Galchenyuk (Flo) for Holding (Minor) at 14:26
2nd period
5. Blues , Sean Monahan 28 (Tyler Toffoli 28, David Perron 16) at 6:25
6. Panthers , Aleksander Barkov 23 (Rasmus Ristolainen 75) at 7:23
7. Blues , Sean Monahan 29 (Jujhar Khaira 10, Tyler Toffoli 29) at 10:34
8. Blues , Nathan MacKinnon 56 (Filip Forsberg 61, Travis Sanheim 22) at 14:46 (PP)
Penalties :
Travis Sanheim (Stl) for Hooking (Minor) at 7:26, Danny DeKeiser (Flo) for Tripping (Minor) at 13:58
3rd period
9. Panthers , Derick Brassard 20 (Radim Simek 10, Jonathan Bernier) at 6:38
Penalties :
Sean Monahan (Stl) for Interference (Minor) at 9:04
Goalie Stats
Jonathan Bernier (Flo), 26 saves from 31 shots - (0.839), L, 3-5-1, 58:56 minutes
Carey Price (Stl), 26 saves from 30 shots - (0.867), W, 38-18-3, 60:00 minutes
Players Stats for Panthers
Player Name G A P +/- PIM S H SB GA TA FO MP PP MP PK MP
------------------------------------------------------------------------------------
Aaron Ekblad 0 0 0 3 0 0 1 0 2 2 0/0 24:15 2:29 0:52
Aleksander Barkov 1 0 1 1 0 4 1 0 1 1 6/10 14:58 0:00 1:42
Alex Galchenyuk 0 0 0 -1 2 1 1 0 0 0 0/1 21:36 2:21 0:00
Chris Bourque 0 0 0 1 0 3 2 1 0 0 1/1 13:26 0:00 0:23
Danny DeKeiser 0 0 0 -1 4 0 0 1 0 1 0/0 22:52 1:29 1:07
Derick Brassard 2 0 2 1 0 4 2 0 0 1 1/2 15:17 1:37 0:00
Dmitrij Jaskin 0 0 0 1 0 2 0 0 0 0 0/0 13:03 0:00 0:00
Dominik Kahun 0 0 0 0 0 0 0 0 0 0 1/2 8:16 0:00 0:35
Drake Batherson 0 0 0 -1 0 1 0 0 0 0 1/3 21:10 2:21 0:00
Griffin Reinhart 0 0 0 -1 0 2 0 1 0 0 0/0 13:30 1:29 0:00
Jordan Szwarz 1 0 1 1 0 4 0 0 0 1 0/0 15:36 1:37 0:32
Matt Duchene 0 0 0 -1 0 4 0 1 3 0 21/36 21:10 2:21 0:00
Miro Aaltonen 0 1 1 1 0 2 2 0 0 0 10/18 16:01 1:37 0:44
Niklas Hansson 0 0 0 -1 0 0 0 0 0 0 0/0 19:05 0:00 1:57
Nikolay Goldobin 0 0 0 0 0 0 1 0 0 0 0/0 7:14 0:00 0:00
Patrick Brown 0 0 0 0 0 0 1 0 0 0 0/0 9:23 0:00 1:42
Radim Simek 0 1 1 -1 0 0 0 1 0 0 0/0 14:13 0:00 1:42
Rasmus Ristolainen 0 2 2 3 0 3 3 0 1 0 0/0 26:03 2:29 0:00
Players Stats for Blues
Player Name G A P +/- PIM S H SB GA TA FO MP PP MP PK MP
------------------------------------------------------------------------------------
Cody Ceci 0 0 0 -2 0 1 0 4 0 4 0/0 22:45 0:00 2:34
David Perron 1 1 2 -1 0 3 3 0 1 0 0/0 12:51 1:07 0:45
Dominik Simon 0 0 0 0 0 0 1 1 0 0 0/0 7:31 0:00 0:00
Drew Shore 0 0 0 0 0 0 3 1 1 0 3/8 10:59 0:00 2:14
Ethan Bear 0 0 0 1 0 1 1 0 0 0 0/0 12:47 1:36 0:00
Filip Forsberg 0 1 1 -1 0 3 2 0 0 0 2/4 21:40 1:42 1:11
Ilya Kovalchuk 0 0 0 0 0 0 0 0 0 0 0/0 8:45 0:00 0:00
Jordan Kyrou 0 0 0 -1 0 1 1 1 1 0 0/0 12:43 1:42 0:00
Jujhar Khaira 0 1 1 1 0 0 0 0 1 0 1/2 18:10 0:00 2:14
Ladislav Smid 0 0 0 1 0 0 1 0 0 0 0/0 19:03 0:00 2:34
Nathan MacKinnon 1 1 2 -1 0 4 1 0 0 0 17/33 20:39 1:42 0:12
Nikolaj Ehlers 0 0 0 -1 0 1 2 1 0 0 1/2 19:48 1:07 0:00
Petter Granberg 0 0 0 -2 0 3 0 1 0 0 0/0 17:58 1:13 1:24
Sean Monahan 2 0 2 1 2 6 0 0 1 1 7/19 16:13 1:07 0:21
Seth Jones 1 0 1 0 0 5 3 1 0 1 0/0 24:44 1:36 1:24
Travis Sanheim 0 1 1 0 2 0 2 0 0 0 0/0 22:44 1:13 0:00
Tyler Toffoli 0 2 2 1 0 3 2 0 1 0 0/0 15:43 0:00 0:59
Vincent Trocheck 0 1 1 -1 0 0 0 0 0 1 1/5 10:57 0:00 0:00
3 Stars
1 - Derick Brassard (Flo)
2 - Rasmus Ristolainen (Flo)
3 - Sean Monahan (Stl)
Power Play
Panthers - 0 on 2 Attempt(s) - 0.00%
Blues - 2 on 3 Attempt(s) - 66.67%
Penalty Kill
Panthers - 1 on 3 Attempt(s) - 33.33%
- Score 0 goal in Penalty Kill
Blues - 2 on 2 Attempt(s) - 100.00%
- Score 0 goal in Penalty Kill
Team Stat
Panthers - Hits : 14 - Faceoff Wins : 41 - Blocked Shots : 5 - Penalty Minutes : 6
Blues - Hits : 22 - Faceoff Wins : 32 - Blocked Shots : 10 - Penalty Minutes : 4
Official
Referees : Dan Kelly and Kevin Pollock
Linesman : Greg Devorski and Trent Knorr
Game Notes
No Game Note
Finance
Level 1 -- Attendance: 6000 (100.00%) -- Ticket Income $600,000
Level 2 -- Attendance: 4806 (96.12%) -- Ticket Income $336,420
Level 3 -- Attendance: 1906 (95.30%) -- Ticket Income $76,240
Level 4 -- Attendance: 3783 (94.58%) -- Ticket Income $113,490
Luxury Box -- Attendance: 1000 (100.00%) -- Ticket Income $200,000
Game was played at the Enterprise Center.
Total Attendance: 17495 (97.19%)
Total Ticket Income: $1,326,150
Other Income: $198,922
Total Income: $1,525,072
Panthers
5 vs 5 Forward
Center Left Wing Right Wing Time % Phy DF OF
1 Matt Duchene Alex Galchenyuk Drake Batherson 40 1 2 2
2 Miro Aaltonen Derick Brassard Jordan Szwarz 30 1 2 2
3 Aleksander Barkov Chris Bourque Dmitrij Jaskin 20 1 2 2
4 Dominik Kahun Nikolay Goldobin Patrick Brown 10 1 2 2
5 vs 5 Defense
Defense Defense Time % Phy DF OF
1 Rasmus Ristolainen Aaron Ekblad 40 1 2 2
2 Danny DeKeiser Niklas Hansson 30 1 2 2
3 Griffin Reinhart Radim Simek 20 1 2 2
4 Rasmus Ristolainen Danny DeKeiser 10 1 2 2
PowerPlay Forward
Center Left Wing Right Wing Time % Phy DF OF
1 Matt Duchene Alex Galchenyuk Drake Batherson 60 0 1 4
2 Miro Aaltonen Derick Brassard Jordan Szwarz 40 0 1 4
PowerPlay Defense
Defense Defense Time % Phy DF OF
1 Rasmus Ristolainen Aaron Ekblad 60 0 2 3
2 Danny DeKeiser Griffin Reinhart 40 0 2 3
Penalty Kill 4 Players Forward
Center Wing Time % Phy DF OF
1 Aleksander Barkov Patrick Brown 60 1 3 1
2 Miro Aaltonen Jordan Szwarz 40 1 3 1
Penalty Kill 4 Players Defense
Defense Defense Time % Phy DF OF
1 Danny DeKeiser Niklas Hansson 60 1 4 0
2 Aaron Ekblad Radim Simek 40 1 4 0
Penalty Kill - 3 Players Forward
Forward Time % Phy DF OF
1 Patrick Brown 60 1 3 1
2 Aleksander Barkov 40 1 3 1
Penalty Kill - 3 Players Defense
Defense Defense Time % Phy DF OF
1 Danny DeKeiser Niklas Hansson 60 1 4 0
2 Aaron Ekblad Radim Simek 40 1 4 0
4 vs 4 Forward
Center Wing Time % Phy DF OF
1 Matt Duchene Alex Galchenyuk 60 1 2 2
2 Miro Aaltonen Drake Batherson 40 1 2 2
4 vs 4 Defense
Defense Defense Time % Phy DF OF
1 Rasmus Ristolainen Aaron Ekblad 60 1 2 2
2 Danny DeKeiser Niklas Hansson 40 1 2 2
Last Minutes Offensive
Center Left Wing Right Wing Defense Defense
Matt Duchene Alex Galchenyuk Drake Batherson Rasmus Ristolainen Aaron Ekblad
Last Minutes Defensive
Center Left Wing Right Wing Defense Defense
Aleksander Barkov Derick Brassard Patrick Brown Aaron Ekblad Niklas Hansson
Goaltenders
Starting : Jonathan Bernier
Backup : Joseph Woll
Extra Forwards
Normal : Drake Batherson, Aleksander Barkov, Matt Duchene - PP : Jordan Szwarz, Matt Duchene - PK : Miro Aaltonen
Extra Defensemen
Normal : Niklas Hansson, Rasmus Ristolainen, Aaron Ekblad - PP : Radim Simek - PK : Radim Simek, Niklas Hansson
Penalty Shots
Drake Batherson, Miro Aaltonen, Alex Galchenyuk, Matt Duchene, Aleksander Barkov
Custom OT Lines Forwards
Matt Duchene, Alex Galchenyuk, Aleksander Barkov, Drake Batherson, Patrick Brown, Jordan Szwarz, Miro Aaltonen, Derick Brassard, Nikolay Goldobin, Chris Bourque
Custom OT Lines Defensemen
Rasmus Ristolainen, Aaron Ekblad, Danny DeKeiser, Niklas Hansson, Radim Simek
Scratches
Nick Schmaltz (Fractured Bone in Right Hand Injury), Zac Rinaldo (Healthy), Ville Husso (Healthy)
Blues
5 vs 5 Forward
Center Left Wing Right Wing Time % Phy DF OF
1 Nathan MacKinnon Filip Forsberg Nikolaj Ehlers 40 0 2 3
2 Sean Monahan Jujhar Khaira Tyler Toffoli 30 0 2 3
3 Vincent Trocheck David Perron Jordan Kyrou 20 1 2 2
4 Drew Shore Dominik Simon Ilya Kovalchuk 10 0 3 2
5 vs 5 Defense
Defense Defense Time % Phy DF OF
1 Seth Jones Travis Sanheim 40 1 2 2
2 Petter Granberg Cody Ceci 30 1 2 2
3 Ethan Bear Ladislav Smid 20 1 2 2
4 Ladislav Smid Cody Ceci 10 1 2 2
PowerPlay Forward
Center Left Wing Right Wing Time % Phy DF OF
1 Nathan MacKinnon Filip Forsberg Jordan Kyrou 60 0 2 3
2 Sean Monahan David Perron Nikolaj Ehlers 40 0 2 3
PowerPlay Defense
Defense Defense Time % Phy DF OF
1 Seth Jones Ethan Bear 60 0 2 3
2 Petter Granberg Travis Sanheim 40 0 2 3
Penalty Kill 4 Players Forward
Center Wing Time % Phy DF OF
1 Drew Shore Jujhar Khaira 60 1 3 1
2 Sean Monahan Tyler Toffoli 40 1 3 1
Penalty Kill 4 Players Defense
Defense Defense Time % Phy DF OF
1 Ladislav Smid Cody Ceci 60 1 2 2
2 Petter Granberg Seth Jones 40 1 2 2
Penalty Kill - 3 Players Forward
Forward Time % Phy DF OF
1 Drew Shore 60 1 2 2
2 Sean Monahan 40 1 2 2
Penalty Kill - 3 Players Defense
Defense Defense Time % Phy DF OF
1 Cody Ceci Ladislav Smid 60 1 2 2
2 Seth Jones Petter Granberg 40 1 2 2
4 vs 4 Forward
Center Wing Time % Phy DF OF
1 Nathan MacKinnon Filip Forsberg 60 1 2 2
2 Sean Monahan Nikolaj Ehlers 40 1 2 2
4 vs 4 Defense
Defense Defense Time % Phy DF OF
1 Seth Jones Ladislav Smid 60 1 2 2
2 Cody Ceci Petter Granberg 40 1 2 2
Last Minutes Offensive
Center Left Wing Right Wing Defense Defense
Nathan MacKinnon Filip Forsberg Nikolaj Ehlers Seth Jones Travis Sanheim
Last Minutes Defensive
Center Left Wing Right Wing Defense Defense
Drew Shore Jujhar Khaira Ilya Kovalchuk Ladislav Smid Cody Ceci
Goaltenders
Starting : Carey Price
Backup : Jake Oettinger
Extra Forwards
Normal : Jordan Kyrou, Nikolaj Ehlers, Drew Shore - PP : David Perron, Ilya Kovalchuk - PK : Filip Forsberg
Extra Defensemen
Normal : Cody Ceci, Travis Sanheim, Seth Jones - PP : Cody Ceci - PK : Seth Jones, Travis Sanheim
Penalty Shots
Jordan Kyrou, David Perron, Ilya Kovalchuk, Sean Monahan, Filip Forsberg
Custom OT Lines Forwards
Filip Forsberg, Nathan MacKinnon, Tyler Toffoli, Nikolaj Ehlers, David Perron, Sean Monahan, Vincent Trocheck, Jujhar Khaira, Ilya Kovalchuk, Drew Shore
Custom OT Lines Defensemen
Seth Jones, Petter Granberg, Travis Sanheim, Cody Ceci, Ladislav Smid
Scratches
Josh Morrissey (Torso Injury), Luke Glendening (Healthy)
% Time on Ice - Panthers
Lines # - Real PCT - Wanted PCT - Time Play
Normal Forward
1 - 37% - 40% - 19:16
2 - 27% - 30% - 13:57
3 - 22% - 20% - 11:35
4 - 14% - 10% - 7:14
Normal Defense
1 - 39% - 40% - 20:17
2 - 32% - 30% - 16:34
3 - 23% - 20% - 12:01
4 - 6% - 10% - 3:10
PP Forward
1 - 59% - 60% - 2:21
2 - 41% - 40% - 1:37
PP Defense
1 - 63% - 60% - 2:29
2 - 37% - 40% - 1:29
PK Forward
1 - 81% - 60% - 2:17
2 - 19% - 40% - 0:32
PK Defense
1 - 69% - 60% - 1:57
2 - 31% - 40% - 0:52
PK3 Forward
1 - 0% - 60%
2 - 0% - 40%
PK3 Defense
1 - 0% - 60%
2 - 0% - 40%
44 Forward
1 - 0% - 60%
2 - 0% - 40%
44 Defense
1 - 0% - 60%
2 - 0% - 40%
Last Minute Offensive - 1:11
Last Minute Defensive - 0:00
Total
Forward - 60:00
Defense - 60:00
|
% Time on Ice - Blues
Lines # - Real PCT - Wanted PCT - Time Play
Normal Forward
1 - 36% - 40% - 18:47
2 - 28% - 30% - 14:44
3 - 21% - 20% - 10:57
4 - 14% - 10% - 7:31
Normal Defense
1 - 43% - 40% - 22:12
2 - 29% - 30% - 15:01
3 - 20% - 20% - 10:17
4 - 9% - 10% - 4:29
PP Forward
1 - 60% - 60% - 1:42
2 - 40% - 40% - 1:07
PP Defense
1 - 57% - 60% - 1:36
2 - 43% - 40% - 1:13
PK Forward
1 - 75% - 60% - 2:59
2 - 25% - 40% - 0:59
PK Defense
1 - 65% - 60% - 2:34
2 - 35% - 40% - 1:24
PK3 Forward
1 - 0% - 60%
2 - 0% - 40%
PK3 Defense
1 - 0% - 60%
2 - 0% - 40%
44 Forward
1 - 0% - 60%
2 - 0% - 40%
44 Defense
1 - 0% - 60%
2 - 0% - 40%
Last Minute Offensive - 0:00
Last Minute Defensive - 1:14
Total
Forward - 60:00
Defense - 60:00
|
Play-by-Play
1st period
0:01 of 1st period - Matt Duchene wins face-off versus Nathan MacKinnon in neutral zone.
1:54 of 1st period - Seth Jones is hit by Derick Brassard and loses puck.
2:15 of 1st period - Seth Jones is hit by Nikolay Goldobin and loses puck.
2:24 of 1st period - Snap shot by Sean Monahan.
2:24 of 1st period - Stopped by Jonathan Bernier with a rebound.
2:34 of 1st period - Snap shot by Tyler Toffoli.
2:34 of 1st period - Deflect By Rasmus Ristolainen.
2:34 of 1st period - Shot Misses the Net.
2:34 of 1st period - Puck is out of play.
2:35 of 1st period - Matt Duchene wins face-off versus Nathan MacKinnon in Panthers zone.
2:44 of 1st period - Snap shot by Filip Forsberg.
2:44 of 1st period - Shot Blocked by Matt Duchene.
3:18 of 1st period - Snap shot by Filip Forsberg.
3:18 of 1st period - Stopped by Jonathan Bernier without a rebound.
3:19 of 1st period - Aleksander Barkov wins face-off versus Vincent Trocheck in Panthers zone.
3:45 of 1st period - Radim Simek is hit by Seth Jones and loses puck.
5:06 of 1st period - Slapshot by Matt Duchene.
5:06 of 1st period - Shot Misses the Net.
5:08 of 1st period - Slapshot by Alex Galchenyuk.
5:08 of 1st period - Shot Blocked by Dominik Simon.
5:10 of 1st period - Slapshot by Niklas Hansson.
5:10 of 1st period - Deflect By Drake Batherson.
5:10 of 1st period - Shot Misses the Net.
5:10 of 1st period - Puck is out of play.
5:11 of 1st period - Matt Duchene wins face-off versus Sean Monahan in Blues zone.
5:14 of 1st period - Snap shot by Matt Duchene.
5:14 of 1st period - Stopped by Carey Price with a rebound.
5:41 of 1st period - Slapshot by Seth Jones.
5:41 of 1st period - Stopped by Jonathan Bernier without a rebound.
5:42 of 1st period - Miro Aaltonen wins face-off versus Nathan MacKinnon in Panthers zone.
5:54 of 1st period - Off-side.
5:55 of 1st period - Nathan MacKinnon wins face-off versus Matt Duchene in neutral zone.
6:06 of 1st period - Wrist shot by Seth Jones.
6:06 of 1st period - Stopped by Jonathan Bernier with a rebound.
6:24 of 1st period - Slapshot by Seth Jones.
6:24 of 1st period - Stopped by Jonathan Bernier without a rebound.
6:25 of 1st period - Vincent Trocheck wins face-off versus Derick Brassard in Panthers zone.
6:36 of 1st period - Snap shot by David Perron.
6:36 of 1st period - Goal by David Perron - Panthers : 0 - Blues : 1.
6:37 of 1st period - Chris Bourque wins face-off versus Nathan MacKinnon in neutral zone.
6:54 of 1st period - Snap shot by Filip Forsberg.
6:54 of 1st period - Shot Misses the Net.
7:16 of 1st period - Wrist shot by Seth Jones.
7:16 of 1st period - Stopped by Jonathan Bernier without a rebound.
7:17 of 1st period - Nathan MacKinnon wins face-off versus Drake Batherson in Panthers zone.
7:40 of 1st period - Minor Penalty to Danny DeKeiser for Hooking.
7:41 of 1st period - Nathan MacKinnon wins face-off versus Aleksander Barkov in Panthers zone.
7:42 of 1st period - Slapshot by Seth Jones.
7:42 of 1st period - Goal by Seth Jones - Panthers : 0 - Blues : 2.
7:43 of 1st period - Miro Aaltonen wins face-off versus Sean Monahan in neutral zone.
8:17 of 1st period - Wrist shot by Nathan MacKinnon.
8:17 of 1st period - Stopped by Jonathan Bernier with a rebound.
10:36 of 1st period - Off-side.
10:37 of 1st period - Matt Duchene wins face-off versus Sean Monahan in neutral zone.
11:14 of 1st period - Snap shot by Jordan Szwarz.
11:14 of 1st period - Goal by Jordan Szwarz - Panthers : 1 - Blues : 2.
11:15 of 1st period - Sean Monahan wins face-off versus Matt Duchene in neutral zone.
11:18 of 1st period - Slapshot by Cody Ceci.
11:18 of 1st period - Stopped by Jonathan Bernier with a rebound.
11:22 of 1st period - Snap shot by Tyler Toffoli.
11:22 of 1st period - Stopped by Jonathan Bernier without a rebound.
11:23 of 1st period - Matt Duchene wins face-off versus Sean Monahan in Panthers zone.
11:43 of 1st period - Alex Galchenyuk is hit by Tyler Toffoli and loses puck.
12:02 of 1st period - Snap shot by Tyler Toffoli.
12:02 of 1st period - Stopped by Jonathan Bernier without a rebound.
12:03 of 1st period - Miro Aaltonen wins face-off versus Vincent Trocheck in Panthers zone.
12:10 of 1st period - Vincent Trocheck is hit by Miro Aaltonen and loses puck.
12:41 of 1st period - Wrist shot by Aleksander Barkov.
12:41 of 1st period - Deflect By Chris Bourque.
12:41 of 1st period - Shot Blocked by Nikolaj Ehlers.
12:41 of 1st period - Puck is out of play.
12:42 of 1st period - Matt Duchene wins face-off versus Jujhar Khaira in Blues zone.
12:59 of 1st period - Slapshot by Rasmus Ristolainen.
12:59 of 1st period - Shot Misses the Net.
13:15 of 1st period - Wrist shot by Derick Brassard.
13:15 of 1st period - Goal by Derick Brassard - Panthers : 2 - Blues : 2.
13:16 of 1st period - Miro Aaltonen wins face-off versus Vincent Trocheck in neutral zone.
13:23 of 1st period - Snap shot by Miro Aaltonen.
13:23 of 1st period - Shot Blocked by Jordan Kyrou.
13:43 of 1st period - Niklas Hansson is hit by Nikolaj Ehlers and loses puck.
14:26 of 1st period - Minor Penalty to Alex Galchenyuk for Holding.
14:27 of 1st period - Aleksander Barkov wins face-off versus Nathan MacKinnon in Panthers zone.
16:26 of 1st period - Penalty to Alex Galchenyuk is over, Alex Galchenyuk is back on ice.
16:55 of 1st period - Off-side.
16:56 of 1st period - Miro Aaltonen wins face-off versus Sean Monahan in neutral zone.
16:59 of 1st period - Ladislav Smid is hit by Derick Brassard and loses puck.
17:18 of 1st period - Rasmus Ristolainen is hit by Drew Shore and loses puck.
18:14 of 1st period - Snap shot by Miro Aaltonen.
18:14 of 1st period - Stopped by Carey Price with a rebound.
18:42 of 1st period - Aaron Ekblad is hit by Travis Sanheim and loses puck.
18:47 of 1st period - Backhand shot by Sean Monahan.
18:47 of 1st period - Shot Misses the Net.
19:09 of 1st period - Slapshot by Aaron Ekblad.
19:09 of 1st period - Shot Blocked by Cody Ceci.
19:11 of 1st period - Wrist shot by Drake Batherson.
19:11 of 1st period - Shot Misses the Net.
19:13 of 1st period - Slapshot by Aaron Ekblad.
19:13 of 1st period - Shot Blocked by Petter Granberg.
Goals for this period are 2 for Panthers vs 2 for Blues.
Shots for this period are 4 for Panthers vs 12 for Blues.
2nd period
0:01 of 2nd period - Nathan MacKinnon wins face-off versus Matt Duchene in neutral zone.
0:04 of 2nd period - Backhand shot by Travis Sanheim.
0:04 of 2nd period - Shot Misses the Net.
0:06 of 2nd period - Wrist shot by Nikolaj Ehlers.
0:06 of 2nd period - Stopped by Jonathan Bernier with a rebound.
0:10 of 2nd period - Snap shot by Nathan MacKinnon.
0:10 of 2nd period - Stopped by Jonathan Bernier with a rebound.
0:25 of 2nd period - Icing by Aaron Ekblad.
0:26 of 2nd period - Jujhar Khaira wins face-off versus Miro Aaltonen in Panthers zone.
0:31 of 2nd period - Snap shot by Sean Monahan.
0:31 of 2nd period - Stopped by Jonathan Bernier without a rebound.
0:32 of 2nd period - Sean Monahan wins face-off versus Miro Aaltonen in Panthers zone.
0:49 of 2nd period - Wrist shot by Derick Brassard.
0:49 of 2nd period - Stopped by Carey Price with a rebound.
1:05 of 2nd period - Wrist shot by Tyler Toffoli.
1:05 of 2nd period - Stopped by Jonathan Bernier without a rebound.
1:06 of 2nd period - Drake Batherson wins face-off versus Nathan MacKinnon in Panthers zone.
1:23 of 2nd period - Slapshot by Nikolaj Ehlers.
1:23 of 2nd period - Deflect By Nathan MacKinnon.
1:23 of 2nd period - Shot Misses the Net.
1:23 of 2nd period - Puck is out of play.
1:24 of 2nd period - Miro Aaltonen wins face-off versus Vincent Trocheck in Panthers zone.
1:31 of 2nd period - Wrist shot by David Perron.
1:31 of 2nd period - Stopped by Jonathan Bernier with a rebound.
1:35 of 2nd period - Wrist shot by Jordan Kyrou.
1:35 of 2nd period - Shot Hit the Post.
1:37 of 2nd period - Slapshot by Petter Granberg.
1:37 of 2nd period - Deflect By Rasmus Ristolainen.
1:37 of 2nd period - Stopped by Jonathan Bernier without a rebound.
1:38 of 2nd period - Matt Duchene wins face-off versus Nathan MacKinnon in Panthers zone.
2:05 of 2nd period - Seth Jones is hit by Rasmus Ristolainen and loses puck.
2:14 of 2nd period - Snap shot by Jordan Szwarz.
2:14 of 2nd period - Stopped by Carey Price without a rebound.
2:15 of 2nd period - Aleksander Barkov wins face-off versus Nikolaj Ehlers in Blues zone.
2:16 of 2nd period - Slapshot by Chris Bourque.
2:16 of 2nd period - Stopped by Carey Price without a rebound.
2:17 of 2nd period - Aleksander Barkov wins face-off versus Nathan MacKinnon in Blues zone.
2:20 of 2nd period - Snap shot by Aleksander Barkov.
2:20 of 2nd period - Stopped by Carey Price without a rebound.
2:21 of 2nd period - Nathan MacKinnon wins face-off versus Aleksander Barkov in Blues zone.
3:37 of 2nd period - Snap shot by Chris Bourque.
3:37 of 2nd period - Shot Misses the Net.
3:39 of 2nd period - Slapshot by Danny DeKeiser.
3:39 of 2nd period - Shot Misses the Net.
3:51 of 2nd period - Slapshot by Dmitrij Jaskin.
3:51 of 2nd period - Shot Misses the Net.
4:05 of 2nd period - Snap shot by Aleksander Barkov.
4:05 of 2nd period - Stopped by Carey Price without a rebound.
4:06 of 2nd period - Matt Duchene wins face-off versus Nathan MacKinnon in Blues zone.
4:33 of 2nd period - Alex Galchenyuk is hit by Seth Jones and loses puck.
6:25 of 2nd period - Snap shot by Sean Monahan.
6:25 of 2nd period - Goal by Sean Monahan - Panthers : 2 - Blues : 3.
6:26 of 2nd period - Filip Forsberg wins face-off versus Miro Aaltonen in neutral zone.
6:57 of 2nd period - Snap shot by Matt Duchene.
6:57 of 2nd period - Shot Blocked by Cody Ceci.
7:23 of 2nd period - Snap shot by Aleksander Barkov.
7:23 of 2nd period - Goal by Aleksander Barkov - Panthers : 3 - Blues : 3.
7:24 of 2nd period - Nathan MacKinnon wins face-off versus Matt Duchene in neutral zone.
7:26 of 2nd period - Minor Penalty to Travis Sanheim for Hooking.
7:27 of 2nd period - Matt Duchene wins face-off versus Drew Shore in Blues zone.
7:27 of 2nd period - Slapshot by Rasmus Ristolainen.
7:27 of 2nd period - Stopped by Carey Price without a rebound.
7:28 of 2nd period - Matt Duchene wins face-off versus Drew Shore in Blues zone.
7:29 of 2nd period - Backhand shot by Drake Batherson.
7:29 of 2nd period - Stopped by Carey Price without a rebound.
7:30 of 2nd period - Matt Duchene wins face-off versus Drew Shore in Blues zone.
8:18 of 2nd period - Icing by Danny DeKeiser.
8:19 of 2nd period - Matt Duchene wins face-off versus Filip Forsberg in Panthers zone.
8:40 of 2nd period - Ladislav Smid is hit by Miro Aaltonen and loses puck.
9:26 of 2nd period - Penalty to Travis Sanheim is over, Travis Sanheim is back on ice.
9:53 of 2nd period - Dominik Kahun is hit by Travis Sanheim and loses puck.
10:00 of 2nd period - Griffin Reinhart is hit by David Perron and loses puck.
10:06 of 2nd period - Icing by Danny DeKeiser.
10:07 of 2nd period - Nathan MacKinnon wins face-off versus Dominik Kahun in Panthers zone.
10:24 of 2nd period - Off-side.
10:25 of 2nd period - Sean Monahan wins face-off versus Matt Duchene in neutral zone.
10:32 of 2nd period - Wrist shot by Jujhar Khaira.
10:32 of 2nd period - Shot Misses the Net.
10:34 of 2nd period - Wrist shot by Sean Monahan.
10:34 of 2nd period - Goal by Sean Monahan - Panthers : 3 - Blues : 4.
10:35 of 2nd period - Matt Duchene wins face-off versus Nathan MacKinnon in neutral zone.
11:02 of 2nd period - Tyler Toffoli is hit by Rasmus Ristolainen and loses puck.
11:25 of 2nd period - Snap shot by Chris Bourque.
11:25 of 2nd period - Stopped by Carey Price with a rebound.
11:27 of 2nd period - Slapshot by Aleksander Barkov.
11:27 of 2nd period - Stopped by Carey Price with a rebound.
11:29 of 2nd period - Wrist shot by Radim Simek.
11:29 of 2nd period - Deflect By Chris Bourque.
11:29 of 2nd period - Shot Misses the Net.
11:29 of 2nd period - Puck is out of play.
11:30 of 2nd period - Nikolaj Ehlers wins face-off versus Matt Duchene in Blues zone.
11:47 of 2nd period - Snap shot by Alex Galchenyuk.
11:47 of 2nd period - Shot Misses the Net.
12:08 of 2nd period - Wrist shot by Dmitrij Jaskin.
12:08 of 2nd period - Shot Misses the Net.
12:10 of 2nd period - Slapshot by Radim Simek.
12:10 of 2nd period - Deflect By Dmitrij Jaskin.
12:10 of 2nd period - Stopped by Carey Price without a rebound.
12:11 of 2nd period - Matt Duchene wins face-off versus Sean Monahan in Blues zone.
12:18 of 2nd period - Snap shot by Drake Batherson.
12:18 of 2nd period - Deflect By Alex Galchenyuk.
12:18 of 2nd period - Shot Misses the Net.
12:18 of 2nd period - Puck is out of play.
12:19 of 2nd period - Matt Duchene wins face-off versus Sean Monahan in Blues zone.
12:30 of 2nd period - Slapshot by Petter Granberg.
12:30 of 2nd period - Stopped by Jonathan Bernier without a rebound.
12:31 of 2nd period - Nathan MacKinnon wins face-off versus Matt Duchene in Panthers zone.
13:20 of 2nd period - Wrist shot by Derick Brassard.
13:20 of 2nd period - Stopped by Carey Price without a rebound.
13:21 of 2nd period - Miro Aaltonen wins face-off versus Sean Monahan in Blues zone.
13:24 of 2nd period - Wrist shot by Jordan Szwarz.
13:24 of 2nd period - Stopped by Carey Price without a rebound.
13:25 of 2nd period - Matt Duchene wins face-off versus Sean Monahan in Blues zone.
13:34 of 2nd period - Wrist shot by Matt Duchene.
13:34 of 2nd period - Stopped by Carey Price without a rebound.
13:35 of 2nd period - Nathan MacKinnon wins face-off versus Matt Duchene in Blues zone.
13:58 of 2nd period - Minor Penalty to Danny DeKeiser for Tripping.
13:59 of 2nd period - Nathan MacKinnon wins face-off versus Aleksander Barkov in Panthers zone.
14:06 of 2nd period - Wrist shot by Jordan Kyrou.
14:06 of 2nd period - Stopped by Jonathan Bernier with a rebound.
14:08 of 2nd period - Slapshot by Seth Jones.
14:08 of 2nd period - Shot Blocked by Radim Simek.
14:32 of 2nd period - Slapshot by Ethan Bear.
14:32 of 2nd period - Deflect By Sean Monahan.
14:32 of 2nd period - Shot Misses the Net.
14:32 of 2nd period - Puck is out of play.
14:33 of 2nd period - Miro Aaltonen wins face-off versus Nathan MacKinnon in Panthers zone.
14:46 of 2nd period - Snap shot by Nathan MacKinnon.
14:46 of 2nd period - Goal by Nathan MacKinnon - Panthers : 3 - Blues : 5.
14:47 of 2nd period - Nathan MacKinnon wins face-off versus Miro Aaltonen in neutral zone.
15:04 of 2nd period - Derick Brassard is hit by Filip Forsberg and loses puck.
15:21 of 2nd period - Seth Jones is hit by Alex Galchenyuk and loses puck.
15:44 of 2nd period - Slapshot by David Perron.
15:44 of 2nd period - Shot Blocked by Chris Bourque.
15:50 of 2nd period - Slapshot by Rasmus Ristolainen.
15:50 of 2nd period - Stopped by Carey Price with a rebound.
16:25 of 2nd period - Wrist shot by Miro Aaltonen.
16:25 of 2nd period - Stopped by Carey Price with a rebound.
16:31 of 2nd period - Snap shot by Cody Ceci.
16:31 of 2nd period - Shot Blocked by Griffin Reinhart.
16:53 of 2nd period - Snap shot by David Perron.
16:53 of 2nd period - Stopped by Jonathan Bernier without a rebound.
16:54 of 2nd period - Matt Duchene wins face-off versus Nathan MacKinnon in Panthers zone.
17:09 of 2nd period - Slapshot by Seth Jones.
17:09 of 2nd period - Shot Misses the Net.
17:11 of 2nd period - Snap shot by Filip Forsberg.
17:11 of 2nd period - Deflect By Nikolaj Ehlers.
17:11 of 2nd period - Shot Misses the Net.
17:11 of 2nd period - Puck is out of play.
17:12 of 2nd period - Aleksander Barkov wins face-off versus Sean Monahan in Panthers zone.
17:12 of 2nd period - Aleksander Barkov is hit by Tyler Toffoli.
17:36 of 2nd period - Icing by Tyler Toffoli.
17:37 of 2nd period - Nathan MacKinnon wins face-off versus Matt Duchene in Blues zone.
18:32 of 2nd period - Jordan Kyrou is hit by Chris Bourque and loses puck.
18:49 of 2nd period - Ilya Kovalchuk is hit by Rasmus Ristolainen and loses puck.
18:54 of 2nd period - Snap shot by Dominik Kahun.
18:54 of 2nd period - Shot Misses the Net.
18:57 of 2nd period - Icing by Drew Shore.
18:58 of 2nd period - Matt Duchene wins face-off versus Drew Shore in Blues zone.
19:01 of 2nd period - Slapshot by Matt Duchene.
19:01 of 2nd period - Stopped by Carey Price without a rebound.
19:02 of 2nd period - Nathan MacKinnon wins face-off versus Matt Duchene in Blues zone.
19:09 of 2nd period - Snap shot by Filip Forsberg.
19:09 of 2nd period - Shot Misses the Net.
19:11 of 2nd period - Snap shot by Nathan MacKinnon.
19:11 of 2nd period - Stopped by Jonathan Bernier with a rebound.
19:26 of 2nd period - Icing by Aaron Ekblad.
19:27 of 2nd period - Sean Monahan wins face-off versus Miro Aaltonen in Panthers zone.
19:32 of 2nd period - Snap shot by Sean Monahan.
19:32 of 2nd period - Shot Misses the Net.
19:34 of 2nd period - Snap shot by Sean Monahan.
19:34 of 2nd period - Stopped by Jonathan Bernier with a rebound.
19:38 of 2nd period - Snap shot by Sean Monahan.
19:38 of 2nd period - Stopped by Jonathan Bernier without a rebound.
19:39 of 2nd period - Filip Forsberg wins face-off versus Matt Duchene in Panthers zone.
19:48 of 2nd period - Wrist shot by Filip Forsberg.
19:48 of 2nd period - Shot Misses the Net.
19:50 of 2nd period - Slapshot by Travis Sanheim.
19:50 of 2nd period - Shot Blocked by Danny DeKeiser.
19:52 of 2nd period - Snap shot by Filip Forsberg.
19:52 of 2nd period - Stopped by Jonathan Bernier with a rebound.
19:54 of 2nd period - Snap shot by Nikolaj Ehlers.
19:54 of 2nd period - Deflect By Nathan MacKinnon.
19:54 of 2nd period - Shot Misses the Net.
19:54 of 2nd period - Puck is out of play.
19:55 of 2nd period - Miro Aaltonen wins face-off versus Sean Monahan in Panthers zone.
19:55 of 2nd period - Miro Aaltonen is hit by Seth Jones.
Goals for this period are 1 for Panthers vs 3 for Blues.
Shots for this period are 17 for Panthers vs 16 for Blues.
3rd period
0:01 of 3rd period - Nathan MacKinnon wins face-off versus Matt Duchene in neutral zone.
0:04 of 3rd period - Alex Galchenyuk is hit by Nathan MacKinnon and loses puck.
0:15 of 3rd period - Slapshot by Alex Galchenyuk.
0:15 of 3rd period - Shot Misses the Net.
0:17 of 3rd period - Snap shot by Alex Galchenyuk.
0:17 of 3rd period - Stopped by Carey Price with a rebound.
0:52 of 3rd period - Ethan Bear is hit by Chris Bourque and loses puck.
1:43 of 3rd period - Dominik Kahun is hit by Ladislav Smid.
2:02 of 3rd period - Snap shot by Dmitrij Jaskin.
2:02 of 3rd period - Shot Blocked by Cody Ceci.
2:23 of 3rd period - Icing by Cody Ceci.
2:24 of 3rd period - Sean Monahan wins face-off versus Matt Duchene in Blues zone.
2:29 of 3rd period - Slapshot by Petter Granberg.
2:29 of 3rd period - Stopped by Jonathan Bernier with a rebound.
2:31 of 3rd period - Snap shot by Petter Granberg.
2:31 of 3rd period - Shot Misses the Net.
2:33 of 3rd period - Snap shot by Petter Granberg.
2:33 of 3rd period - Shot Misses the Net.
2:35 of 3rd period - Snap shot by Cody Ceci.
2:35 of 3rd period - Shot Misses the Net.
3:12 of 3rd period - Slapshot by Griffin Reinhart.
3:12 of 3rd period - Stopped by Carey Price without a rebound.
3:13 of 3rd period - Miro Aaltonen wins face-off versus Nathan MacKinnon in Blues zone.
3:47 of 3rd period - Snap shot by Vincent Trocheck.
3:47 of 3rd period - Shot Misses the Net.
4:07 of 3rd period - Patrick Brown is hit by Drew Shore and loses puck.
4:22 of 3rd period - Dominik Kahun is hit by Filip Forsberg and loses puck.
4:45 of 3rd period - Patrick Brown is hit by Jordan Kyrou and loses puck.
6:26 of 3rd period - Slapshot by Griffin Reinhart.
6:26 of 3rd period - Deflect By Ladislav Smid.
6:26 of 3rd period - Stopped by Carey Price with a rebound.
6:38 of 3rd period - Snap shot by Derick Brassard.
6:38 of 3rd period - Goal by Derick Brassard - Panthers : 4 - Blues : 5.
6:39 of 3rd period - Matt Duchene wins face-off versus Filip Forsberg in neutral zone.
6:41 of 3rd period - Off-side.
6:42 of 3rd period - Nathan MacKinnon wins face-off versus Matt Duchene in neutral zone.
7:37 of 3rd period - Snap shot by Chris Bourque.
7:37 of 3rd period - Stopped by Carey Price with a rebound.
8:16 of 3rd period - Icing by Radim Simek.
8:17 of 3rd period - Nathan MacKinnon wins face-off versus Miro Aaltonen in Panthers zone.
8:28 of 3rd period - Snap shot by Filip Forsberg.
8:28 of 3rd period - Stopped by Jonathan Bernier without a rebound.
8:29 of 3rd period - Matt Duchene wins face-off versus Nathan MacKinnon in Panthers zone.
8:29 of 3rd period - Matt Duchene is hit by Ethan Bear.
8:35 of 3rd period - Slapshot by Rasmus Ristolainen.
8:35 of 3rd period - Stopped by Carey Price without a rebound.
8:36 of 3rd period - Nathan MacKinnon wins face-off versus Drake Batherson in Blues zone.
8:43 of 3rd period - Alex Galchenyuk is hit by Nikolaj Ehlers and loses puck.
8:53 of 3rd period - Off-side.
8:54 of 3rd period - Derick Brassard wins face-off versus Sean Monahan in neutral zone.
9:04 of 3rd period - Minor Penalty to Sean Monahan for Interference.
9:05 of 3rd period - Drew Shore wins face-off versus Matt Duchene in Blues zone.
9:37 of 3rd period - Slapshot by Miro Aaltonen.
9:37 of 3rd period - Shot Blocked by Cody Ceci.
9:39 of 3rd period - Wrist shot by Miro Aaltonen.
9:39 of 3rd period - Deflect By Ladislav Smid.
9:39 of 3rd period - Shot Blocked by Drew Shore.
9:39 of 3rd period - Puck is out of play.
9:40 of 3rd period - Drew Shore wins face-off versus Alex Galchenyuk in Blues zone.
9:57 of 3rd period - Snap shot by Drake Batherson.
9:57 of 3rd period - Shot Blocked by Seth Jones.
10:58 of 3rd period - Cody Ceci is hit by Aaron Ekblad and loses puck.
11:04 of 3rd period - Penalty to Sean Monahan is over, Sean Monahan is back on ice.
11:13 of 3rd period - Cody Ceci is hit by Aleksander Barkov and loses puck.
11:34 of 3rd period - Ilya Kovalchuk is hit by Patrick Brown and loses puck.
11:52 of 3rd period - Off-side.
11:53 of 3rd period - Sean Monahan wins face-off versus Miro Aaltonen in neutral zone.
13:04 of 3rd period - Off-side.
13:05 of 3rd period - Dominik Kahun wins face-off versus Drew Shore in neutral zone.
13:22 of 3rd period - Nikolay Goldobin is hit by Dominik Simon and loses puck.
13:55 of 3rd period - Wrist shot by Miro Aaltonen.
13:55 of 3rd period - Deflect By Jordan Szwarz.
13:55 of 3rd period - Stopped by Carey Price without a rebound.
13:56 of 3rd period - Sean Monahan wins face-off versus Miro Aaltonen in Blues zone.
14:01 of 3rd period - Slapshot by Ethan Bear.
14:01 of 3rd period - Deflect By Aaron Ekblad.
14:01 of 3rd period - Stopped by Jonathan Bernier without a rebound.
14:02 of 3rd period - Matt Duchene wins face-off versus Nathan MacKinnon in Panthers zone.
14:29 of 3rd period - Rasmus Ristolainen is hit by David Perron and loses puck.
14:56 of 3rd period - Drake Batherson is hit by David Perron.
16:01 of 3rd period - Wrist shot by Matt Duchene.
16:01 of 3rd period - Stopped by Carey Price without a rebound.
16:02 of 3rd period - Aleksander Barkov wins face-off versus Nathan MacKinnon in Blues zone.
16:40 of 3rd period - Wrist shot by Miro Aaltonen.
16:40 of 3rd period - Shot Misses the Net.
18:56 of 3rd period - Panthers, Jonathan Bernier is pulled from the net.
19:04 of 3rd period - Dmitrij Jaskin is hit by Drew Shore and loses puck.
19:36 of 3rd period - Snap shot by Dmitrij Jaskin.
19:36 of 3rd period - Shot Misses the Net.
19:52 of 3rd period - Snap shot by Dmitrij Jaskin.
19:52 of 3rd period - Stopped by Carey Price without a rebound.
19:53 of 3rd period - Alain Vigneault call a timeout for Panthers.
19:53 of 3rd period - Drew Shore wins face-off versus Aleksander Barkov in Blues zone.
Goals for this period are 1 for Panthers vs 0 for Blues.
Shots for this period are 9 for Panthers vs 3 for Blues.